 Dungeon Crawl Stone Soup version 0.20.1-1-g8b1a95d (webtiles) character file.

618213 Gargoyl the Executioner (level 26, -5/249 HPs)
             Began as a Minotaur Abyssal Knight on July 28, 2017.
             Was a Believer of Lugonu.
             Killed by divine providence
             ... invoked by a green draconian stormcaller
              (14 damage)
             ... on level 1 of the Realm of Zot on July 29, 2017.
             The game lasted 02:59:39 (55272 turns).

Gargoyl the Executioner (Minotaur Abyssal Knight)  Turns: 55272, Time: 02:59:40

Health: -5/249     AC: 40    Str: 20    XL:     26   Next: 43%
Magic:  36/36      EV: 17    Int: 16    God:    Lugonu [**....]
Gold:   5353       SH:  0    Dex: 23    Spells: 25/25 levels left

rFire    + + .     SeeInvis .   d - +6 broad axe of Popular Demand {drain, +Fly}
rCold    + . .     Gourm    .   F - +4 large shield of Jus Dute {rN+}
rNeg     + . .     Faith    .   Z - +10 chain mail "Ycojocao" {rF+ rC+ Str-2 Dex+4}
rPois    +         Spirit   .   m - +2 hat
rElec    +         Reflect  +   g - +2 cloak "Aprint" {rF+ Regen+ Int+5}
rCorr    .         Harm     .   u - +2 pair of gloves
MR       ++...     Clarity  +   C - +2 pair of boots of Pawyi {rElec rPois Str-3 Dex+5}
Stlth    ..........             w - +3 amulet of reflection
Regen    1.0/turn               l - ring of protection from magic
MPRegen  0.3/turn               A - +4 ring of slaying

@: confused, about to teleport, hasted, studying Dodging, very quick
A: retaliatory headbutt, fangs 1, horns 2, blink, blurry vision 1, clarity,
clever 1
}: 4/15 runes: barnacled, silver, abyssal, gossamer
a: Blink, Depart the Abyss, Bend Space, Renounce Religion, Evoke Flight


You were on level 1 of the Realm of Zot.
You worshipped Lugonu.
Lugonu was pleased with you.
You were not hungry.

You visited 9 branches of the dungeon, and saw 45 of its levels.
You visited the Abyss 7 times.
You visited 1 bazaar.
You also visited: Ossuary, Bailey and Ice Cave.

You collected 7754 gold pieces.
You spent 2401 gold pieces at shops.

Inventory:

Hand Weapons
 d - the +6 broad axe of Popular Demand (weapon) {drain, +Fly}
   (You found it on level 2 of the Abyss)

   A truly terrible weapon, it drains the life of those it strikes.
   It lets you fly.
 f - a +9 broad axe of freezing
 s - the +12 spear of Moderation {drain, *Drain Str+5 Dex+3}
   (You took it off an orc on level 4 of the Dungeon)

   A truly terrible weapon, it drains the life of those it strikes.
   It affects your strength (+5).
   It affects your dexterity (+3).
   It causes draining when unequipped.
Missiles
 K - 27 javelins (quivered)
Armour
 g - the +2 cloak "Aprint" (worn) {rF+ Regen+ Int+5}
   (You bought it in a shop on level 7 of the Dungeon)

   It affects your intelligence (+5).
   It protects you from fire.
   It increases your rate of regeneration.
 m - a +2 hat (worn)
 o - a +5 shield of reflection
 u - a +2 pair of gloves (worn)
 C - the +2 pair of boots of Pawyi (worn) {rElec rPois Str-3 Dex+5}
   (You acquired it on level 6 of the Dungeon)

   It affects your strength (-3).
   It affects your dexterity (+5).
   It insulates you from electricity.
   It protects you from poison.
 F - the +4 large shield of Jus Dute (worn) {rN+}
   (You took it off a deep elf sorcerer on level 3 of the Elven Halls)

   It protects you from negative energy.
 Z - the +10 chain mail "Ycojocao" (worn) {rF+ rC+ Str-2 Dex+4}
   (You found it on level 6 of the Lair of Beasts)

   It affects your strength (-2).
   It affects your dexterity (+4).
   It protects you from fire.
   It protects you from cold.
Jewellery
 h - the ring "Isihuo Qaha" {+Inv rC+}
   (You took it off an iron imp on level 1 of the Abyss)

   [ring of protection from cold]

   It protects you from cold.
   It lets you turn invisible.
 l - a ring of protection from magic (left hand)
 w - a +3 amulet of reflection (around neck)
 y - an uncursed ring of resist corrosion
 z - an uncursed ring of protection from cold
 A - a +4 ring of slaying (right hand)
 E - an uncursed ring of see invisible
 L - an uncursed ring of protection from fire
Wands
 c - a wand of flame (26/48)
 x - a wand of digging (13/24)
Scrolls
 b - 6 scrolls of fear
 n - 7 scrolls of teleportation
 q - 3 scrolls of blinking
 v - 5 scrolls of holy word
 H - 15 scrolls of remove curse
 I - 5 scrolls of magic mapping
 N - 25 scrolls of identify
 Q - 6 scrolls of recharging
 R - 2 scrolls of summoning
 U - 7 scrolls of fog
Potions
 a - 4 potions of agility
 e - 3 potions of ambrosia
 k - 7 potions of flight
 r - 2 potions of haste
 t - 5 potions of magic
 B - 3 potions of cancellation
 J - 3 potions of berserk rage
 M - a potion of might
 S - a potion of resistance
 X - 6 potions of brilliance
Books
 O - a manual of Dodging
Comestibles
 i - 23 meat rations
 p - 5 chunks of flesh


   Skills:
 + Level 22.9 Fighting
 + Level 24.6(25.1) Axes
 + Level 9.9(18.9) Polearms
 + Level 1.0 Throwing
 * Level 23.4 Armour
 + Level 11.6 Dodging
 + Level 23.0 Shields
 * Level 20.7 Invocations
 + Level 0.3 Evocations


You had 25 spell levels left.
You didn't know any spells.

Dungeon Overview and Level Annotations

Branches:
Dungeon (15/15)            Temple (0/1) D:4            Lair (6/6) D:10
 Shoals (4/4) Lair:2       Spider (4/4) Lair:3        Slime (0/5) Lair:5
    Orc (2/2) D:9             Elf (3/3) Orc:2        Vaults (5/5) D:13
  Crypt (0/3) Vaults:2     Depths (5/5) D:15            Zot (1/5) Depths:5

Altars:
Cheibriados
Dithmenos
Elyvilon
Kikubaaqudgha
Nemelex Xobeh
Okawaru
Qazlal
Trog
Uskayaw
Vehumet
Yredelemnul
Zin
Beogh

Shops:
D:6 [   D:7 [   D:9 *   D:10 =   D:15 }   Orc:1 ![!%[   Orc:2 :?}(   Elf:2 }=}
Shoals:1 *   Shoals:2 *   Shoals:4 (   Vaults:1 ?}   Vaults:4 (}:   Zot:1 *
Depths:2 }

Portals:
Hell: Depths:1 Depths:2 Depths:3 Depths:4 Depths:5
Abyss: Depths:4
Pandemonium: Depths:3
Ziggurat: Depths:1

Annotations:
D:6 1 exclusion
Vaults:5 corrupted


Innate Abilities, Weirdness & Mutations

You reflexively headbutt those who attack you in melee.
You have a pair of horns on your head.
You have very sharp teeth.
You can translocate small distances at will.
Scrolls take you a little longer to read.
You possess an exceptional clarity of mind.
Your mind is acute. (Int +2)


Message History

The shadow dragon breathes negative energy at you.
The bolt of negative energy hits the wandering mushroom.
The wandering mushroom completely resists.
The bolt of negative energy misses you.
The bolt of negative energy hits the deathcap.
The deathcap completely resists.
The green draconian stormcaller mumbles some strange prayers to Qazlal.
The curse toe gestures.
The deathcap misses you.
You are more confused.
You feel more invigorated.
The wind drake disappears in a puff of smoke!
The electric golem blinks!
The wandering mushroom releases spores at you but does no damage.
The red draconian closely misses you. The deathcap closely misses you.
The wandering mushroom closely misses you.
The wandering mushroom barely misses you.
The green draconian stormcaller mumbles some strange prayers to Qazlal against you.
Qazlal smites you!
You die...

.........####.#######.#≈≈§
..............#########.≈.
........#######≈≈#≈≈##≈≈§.
######..# ##§§§§§≈§≈§..
##[## ##§§§§§§.≈≈§§. #..#
##≈≈§..d.f.≈...
#..###≈≈≈§Dfd....f..
#......ffffdf§..8...
#..###≈≈§f@zlzdf....
#....##≈≈dffqk.f≈... ##
#..#..##≈≈kqfkk≈§... .##
##..#..##≈k§§§k≈§.§. ..#
##.##..#≈≈#§§##≈§§§ .⌠#
#.###.#########§≈. ..# #.#
#.........# .## #.#
####.#[.#.## ### #.#
#.#∩))..#


You could see an electric golem, a shadow dragon, a black draconian, a yellow
draconian, a green draconian, a purple draconian, a red draconian, 2 curse toes,
2 draconians, 3 death drakes, 2 wind drakes, 5 deathcaps, a komodo dragon, 9
wandering mushrooms and a swamp drake.

Vanquished Creatures
  Mara (Depths:4)
  2 juggernauts
  Margery (Depths:2)
  Saint Roka (Elf:3)
  5 golden dragons
  Nikola (Shoals:4)
  2 bone dragons
  Jorgrun (Vaults:1)
  10 tentacled monstrosities
  9 liches
  Rupert (D:12)
  2 quicksilver dragons (Zot:1)
  7 titans
  A deep elf blademaster (Elf:3)
  A kraken (Shoals:4)
  5 death cobs (Zot:1)
  3 sphinxes
  A thorn hunter (Depths:3)
  Frances (Shoals:1)
  6 tentacled starspawn
  10 shadow dragons
  7 tengu reavers
  5 draconian monks
  16 fire giants
  8 storm dragons
  Ilsuiw (Shoals:4)
  Donald (Shoals:4)
  6 iron dragons
  9 deep elf sorcerers
  17 vault wardens
  2 draconian knights
  An azure jelly (shapeshifter) (Depths:4)
  A draconian scorcher (Zot:1)
  5 ghost moths
  14 frost giants
  A cacodemon (Abyss:2)
  Louise (Spider:3)
  2 draconian shifters (Zot:1)
  3 deep elf elementalists
  24 very ugly things
  A ghoul (Vaults:4)
  3 spriggan defenders
  13 ironheart preservers
  2 reapers
  2 draconian stormcallers (Zot:1)
  3 war gargoyles
  2 draconian annihilators (Zot:1)
  6 emperor scorpions
  2 entropy weavers
  25 stone giants
  8 deep elf demonologists
  6 vampire knights
  Nessos (D:13)
  4 green draconians
  3 lorocyprocas
  2 black draconians
  4 yellow draconians
  10 spark wasps
  11 deep elf annihilators
  9 red draconians
  2 merfolk javelineers
  3 purple draconians (Zot:1)
  3 white draconians
  10 fire dragons
  22 ettins
  2 eidola
  A green death (Abyss:1)
  3 deep elf death magi (Elf:3)
  3 jiangshi
  12 great orbs of eyes
  The ghost of CInkIbrahim the Spear-Bearer, a journeyman OpGl of Ashenzari (D:11)
  13 merfolk impalers
  8 deep elf high priests
  14 yaktaur captains
  5 rakshasas
  27 vault guards
  2 merfolk avatars
  9 spriggan air magi
  17 ice dragons
  20 ogre magi
  3 death knights
  48 two-headed ogres
  3 alligator snapping turtles
  10 deep troll shamans
  11 tengu warriors
  26 dancing weapons
  11 centaur warriors
  A two-headed ogre (shapeshifter) (Depths:1)
  3 merfolk aquamancers
  A satyr (shapeshifter) (Depths:2)
  4 alligators (Depths:3)
  A satyr (Shoals:4)
  A hell hog (Abyss:1)
  6 spriggan berserkers
  4 vampire magi
  6 deep troll earth magi
  A storm dragon zombie (Vaults:5)
  14 deep elf knights
  Urug (D:15)
  11 thrashing horrors
  6 hell knights
  6 skeletal warriors (D:15)
  6 iron trolls
  2 spatial maelstroms
  2 sixfirhies
  A death drake (Abyss:2)
  A shadow wraith (Vaults:5)
  9 wretched stars
  4 unseen horrors
  11 sea snakes
  A deep troll (shapeshifter) (Vaults:4)
  4 glowing orange brains
  A glowing orange brain (shapeshifter) (Elf:2)
  A swamp dragon (shapeshifter) (Vaults:1)
  16 deep trolls
  5 flayed ghosts
  5 starcursed masses
  13 deep elf archers
  19 ironbrand convokers
  2 swamp dragons
  An orange crystal statue (Depths:2)
  4 phantasmal warriors
  2 necromancers
  3 wizards
  18 harpies
  A harpy (shapeshifter) (Vaults:1)
  A kraken simulacrum (Shoals:4)
  15 large abominations
  10 orc knights
  20 orb spiders
  63 deep elf magi
  11 orc sorcerers
  35 wolf spiders
  7 manticores
  45 ugly things
  7 fauns
  A fire giant zombie (Abyss:1)
  Maurice (Orc:2)
  A shining eye (shapeshifter) (Vaults:3)
  An elephant (shapeshifter) (Elf:2)
  4 cyclopes
  3 worldbinders
  15 moths of wrath
  5 merfolk sirens
  A guardian serpent (shapeshifter) (D:14)
  A stone giant skeleton (Depths:1)
  16 vault sentinels
  4 spiny frogs (Lair:6)
  2 ice statues (IceCv)
  An eye of devastation (shapeshifter) (Vaults:5)
  A spiny frog (shapeshifter) (Vaults:2)
  4 black mambas
  6 water nymphs
  3 torpor snails
  8 smoke demons
  6 rime drakes
  A black mamba (shapeshifter) (Vaults:1)
  An elf skeleton (Depths:1)
  A rime drake (shapeshifter) (Abyss:2)
  2 orange demons
  2 efreet
  5 freezing wraiths
  2 centaur skeletons
  A torpor snail (shapeshifter) (Depths:4)
  3 kobold demonologists
  44 yaktaurs
  7 komodo dragons
  A yaktaur (shapeshifter) (Vaults:5)
  A redback zombie (D:15)
  21 demonic crawlers
  A komodo dragon (shapeshifter) (Vaults:3)
  8 ice devils
  A troll (shapeshifter) (Vaults:2)
  5 ancient zymes
  3 tengu conjurers
  2 red devils
  19 merfolk
  2 silent spectres
  37 jumping spiders
  4 jumping spiders (shapeshifter)
  6 trolls
  A wolf spider simulacrum (Vaults:1)
  6 wind drakes
  A wind drake (shapeshifter) (Abyss:3)
  Prince Ribbit (D:9)
  A meliai (shapeshifter) (Vaults:4)
  11 hornets
  A deep troll zombie (Depths:1)
  25 slime creatures
  A frost giant simulacrum (Vaults:1)
  15 raiju
  8 dream sheep
  16 blink frogs
  13 hippogriffs
  2 meliai zombies
  8 snapping turtles
  6 air elementals
  A shadow (D:13)
  A centaur simulacrum (D:14)
  51 yaks
  70 redbacks
  2 ettin skeletons
  2 vampires
  26 tarantellas
  5 ynoxinuls
  3 spriggans
  22 water elementals
  16 humans
  A yak (shapeshifter) (Vaults:2)
  3 fire elementals
  7 wraiths
  A wyvern (shapeshifter) (Depths:2)
  4 wyverns
  3 basilisks
  A fire bat (Abyss:2)
  A hungry ghost (D:9)
  2 neqoxecs
  2 human simulacra
  6 steam dragons
  2 chaos spawn (Abyss:1)
  A yaktaur simulacrum (Vaults:5)
  9 vampire mosquitoes
  2 spatial vortices (Abyss:1)
  3 wargs
  A soldier ant (D:13)
  4 swamp worms (Depths:3)
  3 acid dragons (Vaults:2)
  10 water moccasins
  A floating eye (Abyss:3)
  A floating eye (shapeshifter) (Depths:2)
  3 hell hounds (Abyss:1)
  7 porcupines
  Duvessa (D:5)
  3 phantoms
  2 sky beasts
  3 ice beasts
  2 swamp drakes (Lair:6)
  A boggart (shapeshifter) (Vaults:3)
  45 orc warriors
  A black bear (D:10)
  8 small abominations
  5 boggarts
  2 necrophages
  17 wolves
  15 centaurs
  32 ogres
  A yaktaur zombie (Depths:1)
  5 elf zombies (Ossuary)
  2 big kobolds
  19 crocodiles
  A wyvern zombie (D:10)
  13 bullfrogs
  5 earth elementals
  2 scorpions
  Dowan (D:5)
  7 killer bees (D:9)
  24 wights
  2 howler monkeys
  6 crimson imps
  3 centaur zombies
  8 hounds
  7 quasits
  6 human zombies
  3 iron imps (Abyss:1)
  7 bullfrog skeletons
  36 orc wizards
  26 orc priests
  A hound (shapeshifter) (Depths:4)
  5 jellies
  8 iguanas
  12 worker ants
  3 hound zombies
  2 hound skeletons (D:4)
  3 mummies (Ossuary)
  2 worker ant zombies
  9 adders
  2 shadow imps
  12 white imps
  8 ufetubi
  An ooze (D:7)
  An adder skeleton (D:7)
  4 worms
  6 leopard geckos
  141 orcs
  5 giant cockroaches
  8 goblins
  13 hobgoblins
  4 jackals (D:2)
  18 kobolds
  8 quokkas
  2 ball pythons
  4 bats
  6 frilled lizards
  A leopard gecko skeleton (D:4)
  A quokka zombie (D:5)
  6 rats
  A rat zombie (D:5)
  2 crawling corpses (Vaults:5)
  2 fungi
  2 lurking horrors (Abyss:2)
  3 plants
  6 starspawn tentacles (Abyss:1)
  3 tentacles (Shoals:4)
2306 creatures vanquished.

Vanquished Creatures (collateral kills)
  A golden dragon (Vaults:5)
  A storm dragon (Vaults:5)
  An ironheart preserver (Vaults:5)
  A very ugly thing (Vaults:5)
  A vault guard (Vaults:5)
  A jumping spider (Spider:4)
6 creatures vanquished.

Vanquished Creatures (others)
  2 deep elf master archers (Elf:3)
  A shadow dragon (Vaults:5)
  A draconian monk (Zot:1)
  A frost giant (Depths:4)
  A draconian knight (Zot:1)
  2 vault wardens (Vaults:5)
  An ironheart preserver (Vaults:2)
  3 stone giants
  A red draconian (Zot:1)
  A purple draconian (Zot:1)
  A merfolk javelineer (Shoals:4)
  A deep elf high priest (Vaults:5)
  5 yaktaur captains
  8 hydras
  2 vault guards (Vaults:5)
  A hydra (shapeshifter) (Depths:2)
  An alligator snapping turtle (Shoals:4)
  A centaur warrior (Vaults:3)
  2 satyrs (Shoals:4)
  2 hell hogs (Abyss:1)
  A tengu warrior (Depths:2)
  A thrashing horror (Abyss:1)
  A deep elf knight (Elf:1)
  3 deep trolls
  3 deep elf archers
  2 orb spiders
  3 deep elf magi
  A salamander (shapeshifter) (Vaults:5)
  A moth of wrath (Zot:1)
  A vault sentinel (Vaults:5)
  15 yaktaurs
  A centaur (Shoals:3)
  A boggart (Vaults:3)
  3 white imps (IceCv)
  3 ufetubi (IceCv)
  A bush (Lair:3)
  17 fungi
  8 plants
  12 starspawn tentacles
  10 tentacles (Shoals:4)
126 creatures vanquished.

Grand Total: 2438 creatures vanquished

Notes
Turn   | Place    | Note
-------+----------+-------------------------------------------
     0 | Abyss:1  | Gargoyl the Minotaur Abyssal Knight began the quest for the Orb.
     0 | Abyss:1  | Reached XP level 1. HP: 19/19 MP: 1/1
    23 | Abyss:2  | Found a corrupted altar of Lugonu.
    29 | Abyss:2  | Got a bloodstained broad axe
    61 | Abyss:2  | Noticed a ynoxinul
    61 | D:1      | Escaped the Abyss
    62 | D:1      | Identified the +6 broad axe of Popular Demand {drain, +Fly} (You found it on level 2 of the Abyss)
   480 | D:1      | Reached * piety under Lugonu
   603 | D:1      | Reached XP level 2. HP: 27/27 MP: 2/2
   976 | D:2      | Reached XP level 3. HP: 34/34 MP: 3/3
  1116 | D:2      | Found a snail-covered altar of Cheibriados.
  1337 | D:3      | Reached skill level 3 in Axes
  1353 | D:3      | Reached XP level 4. HP: 28/41 MP: 4/4
  1614 | D:3      | Reached ** piety under Lugonu
  1867 | D:3      | Reached skill level 5 in Fighting
  2110 | D:4      | Reached XP level 5. HP: 45/48 MP: 5/5
  2242 | D:4      | Reached skill level 4 in Axes
  2331 | D:4      | Found a staircase to the Ecumenical Temple.
  2500 | D:4      | Reached skill level 5 in Axes
  2505 | D:4      | Reached XP level 6. HP: 26/56 MP: 5/7
  2704 | D:4      | Got a brightly glowing spear {drain}
  2788 | D:4      | Found an iron altar of Okawaru.
  2866 | D:4      | Reached *** piety under Lugonu
  2922 | D:4      | Reached skill level 6 in Axes
  2922 | D:4      | Reached XP level 7. HP: 60/61 MP: 8/8
  2925 | D:4      | Reached skill level 5 in Armour
  3241 | D:5      | Entered Level 5 of the Dungeon
  3378 | D:5      | Found a sand-covered staircase.
  3388 | Ossuary  | Entered an ossuary
  3416 | Ossuary  | Reached skill level 7 in Axes
  3523 | Ossuary  | Reached XP level 8. HP: 51/69 MP: 10/10
  3715 | Ossuary  | Reached skill level 8 in Axes
  3856 | D:5      | Reached **** piety under Lugonu
  3895 | D:5      | Noticed Dowan
  3896 | D:5      | Noticed Duvessa
  3917 | D:5      | Killed Dowan
  3925 | D:5      | Killed Duvessa
  4076 | D:5      | Gained mutation: Your natural rate of healing is unusually fast. [mutagenic meat]
  4450 | D:5      | Reached skill level 9 in Axes
  4665 | D:6      | Found Ymmudgh's Armour Emporium.
  4670 | D:6      | Bought a +2 hat for 160 gold pieces
  4750 | D:6      | Identified a scroll of acquirement
  4751 | D:6      | Got a pair of jewelled boots
  4757 | D:6      | Identified the +2 pair of boots of Pawyi {rElec rPois Str-3 Dex+5} (You acquired it on level 6 of the Dungeon)
  4873 | D:6      | Reached skill level 5 in Invocations
  4941 | D:6      | Found a white marble altar of Elyvilon.
  5078 | D:6      | Found a shadowy altar of Dithmenos.
  5202 | D:6      | Found a sparkling altar of Nemelex Xobeh.
  5254 | D:6      | Found a hide-covered altar of Uskayaw.
  5420 | D:7      | Reached XP level 9. HP: 75/75 MP: 11/11
  5570 | D:7      | Found a bloodstained altar of Trog.
  5657 | D:7      | Found Osyhar's Antique Armour Shop.
  5751 | D:7      | Found a basalt altar of Yredelemnul.
  5841 | D:7      | Found a glowing silver altar of Zin.
  6016 | D:8      | Identified the +12 spear of Moderation {drain, *Drain Str+5 Dex+3} (You took it off an orc on level 4 of the Dungeon)
  6087 | D:8      | Found a radiant altar of Vehumet.
  6376 | D:8      | Reached skill level 10 in Axes
  6616 | D:9      | Reached skill level 1 in Polearms
  7035 | D:9      | Found a staircase to the Orcish Mines.
  7068 | D:9      | Reached XP level 10. HP: 28/84 MP: 13/13
  7071 | D:9      | Found a roughly hewn altar of Beogh.
  7164 | D:9      | Noticed Prince Ribbit
  7167 | D:9      | Killed Prince Ribbit
  7194 | D:9      | Found Kooxzex's Assorted Antiques.
  7202 | D:9      | Bought a scroll of teleportation for 78 gold pieces
  7267 | D:10     | Entered Level 10 of the Dungeon
  7299 | D:10     | Reached skill level 10 in Armour
  7305 | D:10     | Reached ***** piety under Lugonu
  7314 | D:10     | Reached skill level 5 in Polearms
  7581 | D:10     | Noticed a two-headed ogre
  7587 | D:10     | Killed a two-headed ogre
  7617 | D:10     | Found a flagged portal.
  7630 | Bailey   | Entered a bailey
  7815 | Bailey   | Reached skill level 1 in Throwing
  8042 | Bailey   | Found a roughly hewn altar of Beogh.
  8044 | Bailey   | Noticed an orc knight
  8058 | Bailey   | Killed an orc knight
  8065 | Bailey   | Reached XP level 11. HP: 62/94 MP: 15/15
  8121 | Bailey   | Got a twisted executioner's axe
  8333 | D:10     | Noticed an orc knight
  8346 | D:10     | Killed an orc knight
  8427 | D:10     | Noticed a two-headed ogre
  8435 | D:10     | Killed a two-headed ogre
  8564 | D:10     | Paralysed by a hornet for 2 turns
  8700 | D:10     | Found Cetithi's Jewellery Shop.
  8808 | D:10     | Reached ****** piety under Lugonu
  8877 | D:10     | Found a staircase to the Lair.
  9000 | Lair:1   | Entered Level 1 of the Lair of Beasts
  9208 | Lair:1   | Identified the +1 executioner's axe "Migu" {chop, rPois Int+3} (You found it in a bailey)
 10071 | Lair:1   | Noticed an eight-headed hydra
 10079 | Lair:1   | Banished an eight-headed hydra
 10423 | Lair:2   | Found a staircase to the Shoals.
 10530 | Lair:2   | Reached skill level 11 in Axes
 10661 | Lair:2   | Reached XP level 12. HP: 92/103 MP: 17/17
 11177 | Lair:3   | Found a hole to the Spider Nest.
 11391 | Lair:3   | Noticed an eight-headed hydra
 11392 | Lair:3   | Banished an eight-headed hydra
 11730 | Lair:4   | Reached skill level 12 in Axes
 12280 | Lair:4   | Noticed a seven-headed hydra
 12280 | Lair:4   | Banished a seven-headed hydra
 12518 | Lair:5   | Found a staircase to the Slime Pits.
 12620 | Lair:5   | Noticed a six-headed hydra
 12622 | Lair:5   | Banished a six-headed hydra
 13261 | Lair:6   | Entered Level 6 of the Lair of Beasts
 13326 | Lair:6   | Reached skill level 13 in Axes
 13375 | Lair:6   | Reached skill level 10 in Fighting
 13419 | Lair:6   | Noticed a seven-headed hydra
 13427 | Lair:6   | Reached XP level 13. HP: 98/113 MP: 19/19
 13630 | Lair:6   | Reached skill level 10 in Invocations
 14288 | Lair:6   | Noticed a fire dragon
 14300 | Lair:6   | Killed a fire dragon
 14312 | Lair:6   | Got a polished chain mail
 14388 | Lair:6   | Identified the +10 chain mail "Ycojocao" {rF+ rC+ Str-2 Dex+4} (You found it on level 6 of the Lair of Beasts)
 14782 | Orc:1    | Entered Level 1 of the Orcish Mines
 14796 | D:9      | Reached skill level 14 in Axes
 14851 | Orc:1    | Found Ymytig's Antique Armour Shoppe.
 14884 | Orc:1    | Found Hikerem's Distillery.
 14949 | Orc:1    | Bought a potion of heal wounds for 80 gold pieces
 14957 | Orc:1    | Found Peguot's Distillery.
 14965 | Orc:1    | Bought a potion of haste for 140 gold pieces
 14997 | Orc:1    | Found Ovuotoxe's Food Emporium.
 15041 | Orc:1    | Found Kisi's Antique Armour Boutique.
 15051 | Orc:1    | Bought a shield for 112 gold pieces
 15435 | Orc:2    | Entered Level 2 of the Orcish Mines
 15492 | Orc:2    | Noticed Maurice
 15498 | Orc:2    | Found a staircase to the Elven Halls.
 15504 | Orc:2    | Killed Maurice
 15744 | D:7      | Bought a bloodstained cloak for 275 gold pieces
 15749 | D:7      | Identified the +2 cloak "Aprint" {rF+ Regen+ Int+5} (You bought it in a shop on level 7 of the Dungeon)
 16181 | Orc:2    | Found a radiant altar of Vehumet.
 16205 | Orc:2    | Found Saicav's Magic Scroll Boutique.
 16242 | Orc:2    | Reached skill level 1 in Shields
 16262 | Orc:2    | Found an ancient bone altar of Kikubaaqudgha.
 16287 | Orc:2    | Found a roughly hewn altar of Beogh.
 16287 | Orc:2    | Found Mofol Yptudgh's Gadget Boutique.
 16318 | Orc:2    | Found Ujueneol's Book Shop.
 16379 | Orc:2    | Found Duumuik's Antique Weapon Shop.
 16409 | Orc:2    | Bought a scroll of blinking for 105 gold pieces
 16409 | Orc:2    | Bought a scroll of teleportation for 42 gold pieces
 16409 | Orc:2    | Bought a scroll of blinking for 105 gold pieces
 17103 | D:11     | Reached XP level 14. HP: 121/124 MP: 21/21
 17130 | D:11     | Noticed CInkIbrahim's ghost (journeyman OpGl)
 17143 | D:11     | Killed CInkIbrahim's ghost
 17143 | D:11     | Reached skill level 15 in Axes
 17143 | D:11     | Reached skill level 15 in Armour
 18702 | D:13     | Found a gate to the Vaults.
 18702 | D:13     | Noticed Nessos
 18702 | D:13     | Noticed Rupert
 18786 | D:12     | Paralysed by Rupert for 6 turns
 18793 | D:12     | Killed Rupert
 18879 | D:13     | Killed Nessos
 18879 | D:13     | Reached skill level 16 in Axes
 19149 | D:13     | Found an iron altar of Okawaru.
 19744 | D:14     | Found a frozen archway.
 19763 | IceCv    | Entered an ice cave
 20114 | IceCv    | Noticed a reaper
 20129 | IceCv    | Killed a reaper
 20786 | D:14     | Reached XP level 15. HP: 133/133 MP: 22/22
 20804 | D:14     | Reached skill level 5 in Shields
 21007 | D:14     | Found an iron altar of Okawaru.
 21297 | D:15     | Entered Level 15 of the Dungeon
 21406 | D:15     | Reached skill level 17 in Axes
 21419 | D:15     | Noticed Urug
 21434 | D:15     | Killed Urug
 21647 | D:15     | Found Oloovuod's Gadget Emporium.
 21938 | D:15     | Found a staircase to the Depths.
 22072 | Depths:1 | Entered Level 1 of the Depths
 22541 | Spider:1 | Entered Level 1 of the Spider Nest
 23037 | Spider:1 | Got a heavily runed granite ring
 23282 | Spider:1 | Identified the ring of Mistrust {rPois rC+ MP-9 Dex+8 Stlth+} (You found it on level 1 of the Spider Nest)
 23479 | Spider:1 | Reached XP level 16. HP: 137/143 MP: 24/24
 23705 | Spider:1 | Reached skill level 18 in Axes
 24769 | Spider:3 | Noticed Louise
 24795 | Spider:3 | Killed Louise
 25173 | Spider:4 | Entered Level 4 of the Spider Nest
 25462 | Spider:4 | Reached skill level 5 in Dodging
 25793 | Spider:4 | Reached skill level 10 in Shields
 26147 | Spider:4 | Reached XP level 17. HP: 152/152 MP: 26/26
 26824 | Spider:4 | Got a gossamer rune of Zot
 27313 | Vaults:1 | Entered Level 1 of the Vaults
 27613 | Vaults:1 | Noticed Jorgrun
 27622 | Vaults:1 | Killed Jorgrun
 27771 | Vaults:1 | Found Oniotom's Gadget Emporium.
 28096 | Vaults:1 | Found Hopemp's Magic Scroll Shoppe.
 28102 | Vaults:1 | Bought a scroll of teleportation for 60 gold pieces
 28102 | Vaults:1 | Bought a scroll of teleportation for 60 gold pieces
 28102 | Vaults:1 | Bought a scroll of holy word for 150 gold pieces
 28102 | Vaults:1 | Bought a scroll of holy word for 150 gold pieces
 28357 | Vaults:1 | Reached skill level 19 in Axes
 28682 | Vaults:2 | Reached skill level 15 in Fighting
 28768 | Vaults:2 | Found a stormy altar of Qazlal.
 28879 | Vaults:2 | Found a staircase to the Crypt.
 28879 | Vaults:2 | Found a basalt altar of Yredelemnul.
 28880 | Vaults:2 | Found an ancient bone altar of Kikubaaqudgha.
 29326 | Vaults:2 | Reached XP level 18. HP: 148/162 MP: 27/27
 29953 | Vaults:3 | Paralysed by a great orb of eyes for 4 turns
 30798 | Vaults:3 | Reached skill level 20 in Axes
 31559 | Vaults:4 | Reached XP level 19. HP: 174/174 MP: 29/29
 32046 | Vaults:4 | Reached skill level 15 in Invocations
 32172 | Vaults:4 | Found Sowunkij's Gadget Shop.
 32205 | Vaults:4 | Found Oxirchoki's Book Shop.
 32205 | Vaults:4 | Found Quvomioh's Antique Weapon Shop.
 32856 | Vaults:5 | Entered Level 5 of the Vaults
 32857 | Vaults:5 | Corrupted Vaults:5
 32857 | Vaults:5 | Noticed a lich
 33085 | Elf:1    | Entered Level 1 of the Elven Halls
 34381 | Elf:2    | Found Wodd's Gadget Boutique.
 34381 | Elf:2    | Found Ifinioph's Jewellery Shoppe.
 34382 | Elf:2    | Found Qienarph's Gadget Boutique.
 34489 | Elf:2    | Found a huge runed gate.
 34489 | Elf:2    | Found a huge runed gate.
 34489 | Elf:2    | Found a huge runed gate.
 34489 | Elf:2    | Found a huge runed gate.
 34496 | Elf:2    | Found a huge runed gate.
 34566 | Elf:2    | Cast into level 3 of the Abyss (halberd of distortion)
 34669 | Abyss:3  | Reached skill level 15 in Shields
 34716 | Elf:2    | Escaped the Abyss
 34730 | Elf:2    | Reached XP level 20. HP: 117/187 MP: 30/30
 34924 | Elf:2    | Reached skill level 21 in Axes
 35236 | Elf:3    | Entered Level 3 of the Elven Halls
 35401 | Elf:3    | Cast into level 2 of the Abyss (a deep elf sorcerer)
 35422 | Abyss:2  | Found a corrupted altar of Lugonu.
 35557 | Abyss:2  | Gained mutation: You can translocate small distances at will. [a neqoxec]
 35565 | Abyss:2  | Gained mutation: You are clumsy. (Dex -2) [a neqoxec]
 35905 | Elf:3    | Escaped the Abyss
 36364 | Elf:3    | Noticed Saint Roka
 36386 | Elf:3    | Killed Saint Roka
 37071 | Elf:3    | Got a steaming large shield
 37140 | Elf:3    | Identified the +4 large shield of Jus Dute {rN+} (You took it off a deep elf sorcerer on level 3 of the Elven Halls)
 37331 | Elf:3    | Identified the Tome of Evil Feathers
 37413 | Elf:3    | Got a heavily runed jade ring
 37470 | Elf:3    | Identified the ring of the Ban {Dex+6 Stlth-} (You found it on level 3 of the Elven Halls)
 37949 | Shoals:1 | Entered Level 1 of the Shoals
 37968 | Shoals:1 | Found Hoeperas's Assorted Antiques.
 38050 | Shoals:1 | Noticed Frances
 38061 | Shoals:1 | Killed Frances
 38526 | Shoals:2 | Reached XP level 21. HP: 190/195 MP: 32/32
 38885 | Shoals:2 | Found Bocruod's General Store.
 38893 | Shoals:2 | Bought a scroll of acquirement for 884 gold pieces
 39686 | Shoals:4 | Entered Level 4 of the Shoals
 39686 | Shoals:4 | Noticed Donald
 39704 | Shoals:4 | Killed Donald
 39746 | Shoals:4 | Identified Rites and Rhymes Continued
 39826 | Shoals:4 | Found Gevisid's Antique Weapon Shop.
 40358 | Shoals:4 | Noticed Ilsuiw
 40358 | Shoals:4 | Noticed Nikola
 40607 | Shoals:4 | Got a barnacled rune of Zot
 41115 | Shoals:4 | Killed Ilsuiw
 41236 | Shoals:4 | Killed Nikola
 41892 | Vaults:5 | Noticed a golden dragon
 41904 | Vaults:5 | Killed a golden dragon
 41908 | Vaults:5 | Reached skill level 22 in Axes
 42191 | Vaults:5 | Escaped the Abyss
 42262 | Vaults:5 | Reached XP level 22. HP: 133/206 MP: 33/33
 42846 | Vaults:5 | Gained mutation: Your magical capacity is low. (-10% MP) [a cacodemon]
 43518 | Vaults:4 | Got a crude silver ring
 43555 | Vaults:5 | Identified the Incunabulum of Fire and Transmigration
 44240 | Vaults:5 | Reached XP level 23. HP: 171/217 MP: 31/31
 44273 | Vaults:5 | Identified the ring of Reimbursement {+Blink +Fly MR- EV+4} (You took it off a frost giant on level 4 of the Vaults)
 44586 | Vaults:5 | Got a silver rune of Zot
 45072 | Depths:1 | Found a gateway to a ziggurat.
 45074 | Depths:1 | Found a gateway to Hell.
 45732 | Abyss:1  | Found a corrupted altar of Lugonu.
 45820 | Abyss:1  | Found a corrupted altar of Lugonu.
 45859 | Abyss:1  | Found a corrupted altar of Lugonu.
 46085 | Abyss:1  | Found a corrupted altar of Lugonu.
 46155 | Abyss:1  | Gained mutation: You are very clumsy. (Dex -4) [a cacodemon]
 46158 | Abyss:1  | Reached skill level 23 in Axes
 46332 | Abyss:3  | Found a corrupted altar of Lugonu.
 46743 | Abyss:3  | Got an abyssal rune of Zot
 46744 | Depths:1 | Escaped the Abyss
 46972 | Depths:2 | Noticed Margery
 47014 | Depths:2 | Killed Margery
 47225 | Depths:2 | Paralysed by a floating eye for 3 turns
 47374 | Depths:2 | Reached XP level 24. HP: 216/228 MP: 31/31
 47521 | Depths:2 | Noticed a juggernaut
 47534 | Depths:2 | Killed a juggernaut
 47834 | Depths:2 | Got a steaming ruby amulet
 47840 | Depths:2 | Identified the amulet "Maoz" {Spirit Str-5 Dex+5 Stlth+} (You took it off a vampire knight on level 2 of the Depths)
 47850 | Depths:2 | Identified Sif Muna's Advanced Theurgy
 48153 | Depths:2 | Lost mutation: You are very clumsy. (Dex -4) [potion of mutation]
 48153 | Depths:2 | Lost mutation: Your natural rate of healing is unusually fast. [potion of mutation]
 48153 | Depths:2 | Lost mutation: You are clumsy. (Dex -2) [potion of mutation]
 48153 | Depths:2 | Lost mutation: Your magical capacity is low. (-10% MP) [potion of mutation]
 48153 | Depths:2 | Gained mutation: You have very sharp teeth. [potion of mutation]
 48153 | Depths:2 | Gained mutation: You possess an exceptional clarity of mind. [potion of mutation]
 48153 | Depths:2 | Gained mutation: Your mind is acute. (Int +2) [potion of mutation]
 48401 | Depths:2 | Found Kuss's Gadget Shop.
 48713 | Depths:2 | Reached skill level 10 in Dodging
 49454 | Depths:3 | Gained mutation: Scrolls take you a little longer to read. [a neqoxec]
 49643 | Depths:3 | Found a one-way gate leading to the halls of Pandemonium.
 49899 | Depths:4 | Noticed Mara
 49918 | Depths:4 | Noticed Gargoyl's illusion
 49919 | Depths:4 | Killed Mara
 49919 | Depths:4 | Reached XP level 25. HP: 237/237 MP: 35/35
 49968 | Depths:4 | Noticed a juggernaut
 50111 | Depths:3 | Killed a juggernaut
 50157 | Depths:4 | Paralysed by a sphinx for 6 turns
 50384 | Depths:3 | Got a slimy hat
 50395 | Depths:3 | Identified the -1 hat of the Crypt {rPois rC- MR+ Int+8} (You acquired it on level 3 of the Depths)
 50511 | Depths:4 | Reached skill level 24 in Axes
 50815 | Depths:4 | Found a one-way gate to the infinite horrors of the Abyss.
 51655 | Depths:5 | Entered Level 5 of the Depths
 51691 | Depths:5 | Found a flickering gateway to a bazaar.
 51861 | Depths:5 | Found a gate to the Realm of Zot.
 51867 | Zot:1    | Entered Level 1 of the Realm of Zot
 52008 | Bazaar   | Entered a bazaar
 52008 | Bazaar   | Found Seuv's Gadget Shoppe.
 52008 | Bazaar   | Found Dagiur's Weapon Emporium.
 52018 | Bazaar   | Found Vuckino's Book Boutique.
 52052 | Bazaar   | Found Huom's Book Shoppe.
 53387 | Abyss:1  | Reached XP level 26. HP: 45/248 MP: 12/36
 53628 | Abyss:1  | Got a vibrating ivory ring
 53635 | Abyss:1  | Identified the ring "Isihuo Qaha" {+Inv rC+} (You took it off an iron imp on level 1 of the Abyss)
 53636 | Zot:1    | Escaped the Abyss
 54174 | Zot:1    | Found Pezel's Changing Room.
 55257 | Zot:1    | Escaped the Abyss
 55266 | Zot:1    | HP: 9/249 [electric golem (8)]
 55269 | Zot:1    | HP: 3/249 [green draconian stormcaller/divine providence (16)]
 55270 | Zot:1    | HP: 1/249 [red draconian/enchanted trident (2)]
 55272 | Zot:1    | Killed from afar by a green draconian stormcaller

Skill      XL: |  1  2  3  4  5  6  7  8  9 10 11 12 13 14 15 16 17 18 19 20 21 22 23 24 25 26 |
---------------+-------------------------------------------------------------------------------+-----
Fighting       | 4 5 6 7 8 10 11 12 13 14 15 16 17 18 19 20 21 22 | 22.9
Armour         | 3 4 6 7 9 10 12 14 15 16 17 18 19 20 21 22 23 | 23.4
Invocations    | 2 3 4 5 6 7 8 9 10 11 12 13 14 15 16 17 18 19 20 | 20.7
Axes           | 3 5 6 7 9 10 11 13 14 16 17 18 19 20 21 22 23 24 | 24.6
Dodging        | 2 3 4 5 6 7 8 9 10 11 | 11.6
Polearms       | 3 8 9 |  9.9
Throwing       | 1 |  1.0
Shields        | 2 4 7 10 12 13 15 16 17 18 20 21 22 23 | 23.0
Evocations     | |  0.3

Action                   |  1- 3 |  4- 6 |  7- 9 | 10-12 | 13-15 | 16-18 | 19-21 | 22-24 | 25-27 || total
-------------------------+-------+-------+-------+-------+-------+-------+-------+-------+-------++-------
Melee: Broad axe         |    57 |    97 |   188 |   218 |  1033 |  1146 |  1412 |  1584 |   840 ||  6575
       Headbutt          |     5 |    21 |    50 |    99 |   275 |   366 |   380 |   518 |   284 ||  1998
       Spear             |       |       |    62 |   270 |       |       |       |       |       ||   332
       Bite              |       |       |       |       |       |       |       |    54 |   159 ||   213
Throw: Tomahawk          |       |       |     3 |     4 |       |       |       |       |       ||     7
Invok: Depart the Abyss  |     1 |       |       |       |       |       |     3 |     1 |     2 ||     7
       Banish            |       |       |       |     6 |     6 |     1 |     6 |    27 |     8 ||    54
       Bend Space        |       |       |       |       |     1 |     1 |     3 |       |     7 ||    12
       Corrupt           |       |       |       |       |       |       |     1 |       |       ||     1
       Enter the Abyss   |       |       |       |       |       |       |     1 |     1 |     2 ||     4
Evoke: Wand              |       |       |       |       |     1 |     1 |       |       |     1 ||     3
  Use: Scroll            |     5 |     4 |    19 |     8 |    12 |     5 |    21 |    11 |     9 ||    94
       Potion            |       |       |     1 |       |     5 |     6 |     8 |     7 |    23 ||    50
 Stab: Distracted        |       |       |       |       |       |       |     4 |     3 |       ||     7
       Confused          |       |       |       |       |       |       |     4 |       |     1 ||     5
  Eat: Chunk             |     1 |     5 |    11 |    19 |    30 |    21 |    30 |    18 |    11 ||   146
       Royal jelly       |       |       |     2 |       |     1 |       |       |       |     1 ||     4
       Fruit             |       |       |       |     4 |     2 |     3 |       |    11 |       ||    20
       Bread ration      |       |       |       |       |       |     1 |     3 |     1 |     1 ||     6
       Meat ration       |       |       |       |       |       |       |       |       |     1 ||     1
Armor: Ring mail         |    13 |       |       |       |       |       |       |       |       ||    13
       Leather armour    |     1 |       |       |       |       |       |       |       |       ||     1
       Chain mail        |    22 |    58 |   125 |    94 |   814 |   851 |   659 |   520 |   408 ||  3551
       Plate armour      |       |       |       |   247 |    83 |       |       |       |       ||   330
Dodge: Dodged            |    30 |    30 |    90 |   190 |   368 |   469 |   452 |   368 |   304 ||  2301
Block: Shield            |       |       |       |       |   598 |   982 |   869 |       |       ||  2449
       Reflection        |       |       |       |       |       |    44 |   157 |   161 |    26 ||   388
       Large shield      |       |       |       |       |       |       |   595 |  1957 |  1207 ||  3759
